WCHLSIM.com - West Coast Hockey League
html PUBLIC "-//W3C//DTD XHTML 1.0 Transitional//EN" "http://www.w3.org/TR/xhtml1/DTD/xhtml1-transitional.dtd"> WCHL - Game 861 - KANSAS CITY KILLERBEES vs ANAHEIM OUTLAWS

KANSAS CITY KILLERBEES vs ANAHEIM OUTLAWS

Created - 27 mars 2021 at 06:27

Goals
1 2 3 T
KANSAS CITY KILLERBEES 1 0 0 1
ANAHEIM OUTLAWS 0 0 0 0
Shots
1 2 3 T
KANSAS CITY KILLERBEES 7 10 7 24
ANAHEIM OUTLAWS 8 11 13 32

1st period

1. KANSAS CITY KILLERBEES , Sean Couturier 22 (Mark Stone 37, Nick Schmaltz 35) at 19:04

Penalties :
Noah Hanifin (ANA) for Tripping (Minor) at 2:09, Jakub Zboril (KCK) for Slashing (Minor) at 4:21, Matt Martin (ANA) for Hooking (Minor) at 7:33

2nd period

No Goal

Penalties :
No Penalty

3rd period

No Goal

Penalties :
Adrian Kempe (ANA) for Interference (Minor) at 6:52

Goalie Stats

Mikhail Berdin (KCK), 32 saves from 32 shots - (1,000), W, 13-4-1, 60:00 minutes
Mackenzie Blackwood (ANA), 23 saves from 24 shots - (0,958), L, 13-19-6, 59:00 minutes

Players Stats for KANSAS CITY KILLERBEES

Player Name              G  A  P  +/- PIM S  H  SB GA TA FO     MP     PP MP  PK MP  
------------------------------------------------------------------------------------
Adam Larsson             0  0  0   1  0   1  4  4  0  0  0/0    23:10   0:00   1:21 
Cam Fowler               0  0  0   1  0   2  2  1  0  0  0/0    25:00   2:36   0:57 
Colin Miller             0  0  0   0  0   0  2  0  0  0  0/0    16:52   3:21   0:00 
Jakub Zboril             0  0  0   0  2   0  1  0  0  0  0/0    13:52   0:00   0:00 
Josh Archibald           0  0  0   0  0   1  0  0  0  0  0/0     7:40   0:00   0:53 
Justin Holl              0  0  0   0  0   0  2  1  0  0  0/0    20:43   3:21   0:38 
Mark Stone               0  1  1   1  0   2  2  0  0  0  0/2    21:08   3:02   0:00 
Mike Reilly              0  0  0   0  0   0  0  0  0  0  0/0    20:22   2:36   1:02 
Nicholas Ritchie         0  0  0   0  0   2  3  0  0  0  0/2    11:53   0:00   0:00 
Nick Schmaltz            0  1  1   1  0   1  0  0  0  0  1/3    21:11   3:02   0:03 
Oscar Fantenberg         0  0  0   0  0   0  0  0  0  0  0/0     0:00   0:00   0:00 
Riley Sheahan            0  0  0   0  0   0  0  0  0  0  6/11    7:53   0:00   1:06 
Ryan Dzingel             0  0  0   0  0   0  0  0  0  0  0/0    11:53   0:00   0:00 
Sean Couturier           1  0  1   1  0   6  2  0  0  0  11/23  22:28   3:02   1:06 
Trevor Moore             0  0  0   0  0   0  1  0  0  0  2/16   15:38   2:55   0:50 
Tyler Ennis              0  0  0   0  0   1  3  0  0  0  5/14   21:51   0:00   0:00 
Zach Hyman               0  0  0   0  0   6  1  0  0  0  0/0    18:13   2:55   0:00 
Zach Parise              0  0  0   0  0   2  1  0  0  0  0/2    18:13   2:55   0:00 

Players Stats for ANAHEIM OUTLAWS

Player Name              G  A  P  +/- PIM S  H  SB GA TA FO     MP     PP MP  PK MP  
------------------------------------------------------------------------------------
Adrian Kempe             0  0  0   0  2   5  2  0  0  0  0/2    21:16   0:45   2:00 
Alexander Nylander       0  0  0   0  0   4  0  0  0  0  0/1    15:23   0:00   0:12 
Haydn Fleury             0  0  0  -1  0   0  0  0  0  0  0/0    18:52   0:00   0:24 
Henri Jokiharju          0  0  0   0  0   0  0  0  0  0  0/0    15:25   0:00   0:41 
Jake DeBrusk             0  0  0   0  0   1  0  0  0  0  0/1    16:25   1:14   0:00 
Jake Gardiner            0  0  0   0  0   1  1  0  0  0  0/0    18:29   0:45   3:00 
Jordan Staal             0  0  0  -1  0   6  0  1  0  0  14/17  15:35   0:45   2:35 
Justin Faulk             0  0  0   0  0   0  1  0  0  0  0/0    21:35   1:14   2:57 
Kasperi Kapanen          0  0  0   0  0   2  0  0  0  0  1/2    21:52   0:45   2:35 
Matt Duchene             0  0  0   0  0   6  0  0  0  0  18/26  19:46   1:14   0:00 
Matt Martin              0  0  0   0  2   0  0  0  0  0  7/12   15:10   0:00   0:00 
Michael Grabner          0  0  0   0  0   1  0  0  0  0  0/0    10:30   1:14   3:10 
Morgan Rielly            0  0  0  -1  0   2  0  0  0  0  0/0    23:41   0:45   3:00 
Nicolas Aube-Kubel       0  0  0  -1  0   1  0  0  0  0  1/1    12:15   0:00   0:00 
Noah Hanifin             0  0  0   0  2   1  2  2  0  0  0/0    21:57   1:14   1:52 
Pierre Engvall           0  0  0   0  0   0  0  0  0  0  0/1     6:06   0:00   0:00 
Rocco Grimaldi           0  0  0  -1  0   2  0  0  0  0  0/0    12:43   0:00   0:28 
Sam Bennett              0  0  0   0  0   0  0  0  0  0  7/10    7:00   0:00   0:54 

3 Stars

1 - Mikhail Berdin (KCK)
2 - Sean Couturier (KCK)
3 - Mackenzie Blackwood (ANA)

Power Play

KANSAS CITY KILLERBEES - 0 on 3 Attempt(s) - 0,00%
ANAHEIM OUTLAWS - 0 on 1 Attempt(s) - 0,00%

Penalty Kill

KANSAS CITY KILLERBEES - 1 on 1 Attempt(s) - 100,00% - Score 0 goal in Penalty Kill
ANAHEIM OUTLAWS - 3 on 3 Attempt(s) - 100,00% - Score 0 goal in Penalty Kill

Team Stat

KANSAS CITY KILLERBEES - Hits : 24 - Faceoff Wins : 25 - Blocked Shots : 6 - Penalty Minutes : 2
ANAHEIM OUTLAWS - Hits : 6 - Faceoff Wins : 48 - Blocked Shots : 3 - Penalty Minutes : 6

Official

Referees : Kevin Pollock and Beaudry Halkidis
Linesman : Bevan Mills and Luke Murray

Game Notes

No Game Note

Finance

Level 1 -- Attendance: 5848 (89,97%) -- Ticket Income 1 140 360 $
Level 2 -- Attendance: 4616 (83,93%) -- Ticket Income 600 080 $
Level 3 -- Attendance: 2500 (100,00%) -- Ticket Income 225 000 $
Level 4 -- Attendance: 3650 (73,00%) -- Ticket Income 273 750 $
Luxury Box -- Attendance: 797 (79,70%) -- Ticket Income 318 800 $
Game was played at the Bouch Garden.
Total Attendance: 17411 (84,93%)
Total Ticket Income: 2 557 990 $
Other Expense: 25 580 $
Total Income: 2 532 410 $

KANSAS CITY KILLERBEES

5 vs 5 Forward 
   Center                   Left Wing                Right Wing               Time % Phy DF OF 
 1 Sean Couturier           Nick Schmaltz            Mark Stone               35     1   2  2  
 2 Tyler Ennis              Zach Hyman               Zach Parise              32     1   2  2  
 3 Riley Sheahan            Tyler Ennis              Josh Archibald           20     1   2  2  
 4 Trevor Moore             Nicholas Ritchie         Ryan Dzingel             13     1   2  2  

5 vs 5 Defense 
   Defense                  Defense                                           Time % Phy DF OF 
 1 Adam Larsson             Cam Fowler                                        36     1   2  2  
 2 Justin Holl              Mike Reilly                                       31     1   2  2  
 3 Colin Miller             Jakub Zboril                                      23     1   2  2  
 4 Adam Larsson             Cam Fowler                                        10     1   2  2  

PowerPlay Forward 
   Center                   Left Wing                Right Wing               Time % Phy DF OF 
 1 Sean Couturier           Nick Schmaltz            Mark Stone               55     1   2  2  
 2 Trevor Moore             Zach Hyman               Zach Parise              45     1   2  2  

PowerPlay Defense
   Defense                  Defense                                           Time % Phy DF OF 
 1 Cam Fowler               Mike Reilly                                       55     1   2  2  
 2 Colin Miller             Justin Holl                                       45     1   2  2  

Penalty Kill 4 Players Forward 
   Center                   Wing                     Time % Phy DF OF 
 1 Trevor Moore             Josh Archibald           55     1   2  2  
 2 Sean Couturier           Riley Sheahan            45     1   2  2  

Penalty Kill 4 Players Defense
   Defense                  Defense                  Time % Phy DF OF 
 1 Cam Fowler               Justin Holl              55     1   2  2  
 2 Adam Larsson             Mike Reilly              45     1   2  2  

Penalty Kill - 3 Players Forward 
   Forward                                           Time % Phy DF OF 
 1 Trevor Moore                                      55     1   2  2  
 2 Riley Sheahan                                     45     1   2  2  

Penalty Kill - 3 Players Defense
   Defense                  Defense                  Time % Phy DF OF 
 1 Cam Fowler               Justin Holl              55     1   2  2  
 2 Adam Larsson             Mike Reilly              45     1   2  2  

4 vs 4 Forward 
   Center                   Wing                     Time % Phy DF OF 
 1 Sean Couturier           Mark Stone               55     1   2  2  
 2 Nick Schmaltz            Zach Hyman               45     1   2  2  

4 vs 4 Defense
   Defense                  Defense                  Time % Phy DF OF 
 1 Adam Larsson             Cam Fowler               55     1   2  2  
 2 Justin Holl              Mike Reilly              45     1   2  2  

Last Minutes Offensive
   Center                   Left Wing                Right Wing               Defense                  Defense                  
   Sean Couturier           Nick Schmaltz            Mark Stone               Cam Fowler               Mike Reilly              

Last Minutes Defensive
   Center                   Left Wing                Right Wing               Defense                  Defense                  
   Sean Couturier           Zach Hyman               Mark Stone               Justin Holl              Adam Larsson             

Goaltenders
Starting : Mikhail Berdin           
Backup : John Gibson              

Extra Forwards
Normal : Mark Stone, Nick Schmaltz, Sean Couturier - PP : Mark Stone, Nick Schmaltz - PK : Trevor Moore
Extra Defensemen
Normal : Cam Fowler, Adam Larsson, Justin Holl - PP : Colin Miller - PK : Justin Holl, Adam Larsson
Penalty Shots
Sean Couturier, Mark Stone, Nick Schmaltz, Zach Hyman, Riley Sheahan
Custom OT Lines Forwards
Sean Couturier, Mark Stone, Trevor Moore, Nick Schmaltz, Riley Sheahan, Zach Hyman, Tyler Ennis, Josh Archibald, Ryan Dzingel, Nicholas Ritchie
Custom OT Lines Defensemen
Adam Larsson, Cam Fowler, Justin Holl, Mike Reilly, Colin Miller

Scratches
Jacob Muzzin (Torn Left MCL Injury), Will Butcher (Left Foot Injury)

ANAHEIM OUTLAWS

5 vs 5 Forward 
   Center                   Left Wing                Right Wing               Time % Phy DF OF 
 1 Matt Duchene             Kasperi Kapanen          Adrian Kempe             36     1   2  2  
 2 Matt Martin              Jake DeBrusk             Alexander Nylander       31     1   2  2  
 3 Jordan Staal             Nicolas Aube-Kubel       Rocco Grimaldi           23     1   2  2  
 4 Sam Bennett              Pierre Engvall           Michael Grabner          10     1   2  2  

5 vs 5 Defense 
   Defense                  Defense                                           Time % Phy DF OF 
 1 Morgan Rielly            Haydn Fleury                                      36     1   2  2  
 2 Noah Hanifin             Justin Faulk                                      31     1   2  2  
 3 Jake Gardiner            Henri Jokiharju                                   23     1   2  2  
 4 Noah Hanifin             Morgan Rielly                                     10     1   2  2  

PowerPlay Forward 
   Center                   Left Wing                Right Wing               Time % Phy DF OF 
 1 Jordan Staal             Kasperi Kapanen          Adrian Kempe             55     1   2  2  
 2 Matt Duchene             Jake DeBrusk             Michael Grabner          45     1   2  2  

PowerPlay Defense
   Defense                  Defense                                           Time % Phy DF OF 
 1 Jake Gardiner            Morgan Rielly                                     55     1   2  2  
 2 Noah Hanifin             Justin Faulk                                      45     1   2  2  

Penalty Kill 4 Players Forward 
   Center                   Wing                     Time % Phy DF OF 
 1 Adrian Kempe             Michael Grabner          55     1   2  2  
 2 Jordan Staal             Kasperi Kapanen          45     1   2  2  

Penalty Kill 4 Players Defense
   Defense                  Defense                  Time % Phy DF OF 
 1 Jake Gardiner            Morgan Rielly            55     1   2  2  
 2 Noah Hanifin             Justin Faulk             45     1   2  2  

Penalty Kill - 3 Players Forward 
   Forward                                           Time % Phy DF OF 
 1 Kasperi Kapanen                                   55     1   2  2  
 2 Adrian Kempe                                      45     1   2  2  

Penalty Kill - 3 Players Defense
   Defense                  Defense                  Time % Phy DF OF 
 1 Jake Gardiner            Morgan Rielly            55     1   2  2  
 2 Noah Hanifin             Justin Faulk             45     1   2  2  

4 vs 4 Forward 
   Center                   Wing                     Time % Phy DF OF 
 1 Adrian Kempe             Michael Grabner          55     1   2  2  
 2 Jordan Staal             Kasperi Kapanen          45     1   2  2  

4 vs 4 Defense
   Defense                  Defense                  Time % Phy DF OF 
 1 Jake Gardiner            Haydn Fleury             55     1   2  2  
 2 Noah Hanifin             Justin Faulk             45     1   2  2  

Last Minutes Offensive
   Center                   Left Wing                Right Wing               Defense                  Defense                  
   Matt Duchene             Kasperi Kapanen          Adrian Kempe             Morgan Rielly            Haydn Fleury             

Last Minutes Defensive
   Center                   Left Wing                Right Wing               Defense                  Defense                  
   Matt Duchene             Kasperi Kapanen          Adrian Kempe             Morgan Rielly            Haydn Fleury             

Goaltenders
Starting : Mackenzie Blackwood      
Backup : Pekka Rinne              

Extra Forwards
Normal : Michael Grabner, Rocco Grimaldi, Sam Bennett - PP : Michael Grabner, Rocco Grimaldi - PK : Sam Bennett
Extra Defensemen
Normal : Jake Gardiner, Justin Faulk, Noah Hanifin - PP : Jake Gardiner - PK : Jake Gardiner, Noah Hanifin
Penalty Shots
Michael Grabner, Rocco Grimaldi, Jordan Staal, Kasperi Kapanen, Adrian Kempe
Custom OT Lines Forwards
Matt Duchene, Pierre Engvall, Jordan Staal, Kasperi Kapanen, Adrian Kempe, Jake DeBrusk, Alexander Nylander, Michael Grabner, Rocco Grimaldi, Sam Bennett
Custom OT Lines Defensemen
Haydn Fleury, Morgan Rielly, Noah Hanifin, Justin Faulk, Jake Gardiner

Scratches
Frederik Gauthier (Healthy), Thomas Hickey (Healthy), Kevin Fiala (Broken Bone (Left Foot) Injury), Matt Benning (Severed Right Wrist Tendon Injury), Mike Condon (Healthy)

% Time on Ice - KANSAS CITY KILLERBEES

Lines # - Real PCT - Wanted PCT - Time Play
Normal Forward
1 - 35% - 35% - 18:06
2 - 29% - 32% - 15:18
3 - 13% - 20% - 6:47
4 - 23% - 13% - 11:53
Normal Defense
1 - 33% - 36% - 17:08
2 - 32% - 31% - 16:44
3 - 26% - 23% - 13:31
4 - 9% - 10% - 4:41
PP Forward
1 - 51% - 55% - 3:02
2 - 49% - 45% - 2:55
PP Defense
1 - 44% - 55% - 2:36
2 - 56% - 45% - 3:21
PK Forward
1 - 45% - 55% - 0:53
2 - 55% - 45% - 1:06
PK Defense
1 - 32% - 55% - 0:38
2 - 68% - 45% - 1:21
PK3 Forward
1 - 0% - 55%
2 - 0% - 45%
PK3 Defense
1 - 0% - 55%
2 - 0% - 45%
44 Forward
1 - 0% - 55%
2 - 0% - 45%
44 Defense
1 - 0% - 55%
2 - 0% - 45%
Last Minute Offensive  - 0:00
Last Minute Defensive  - 0:00
Total
Forward - 60:00
Defense - 60:00

% Time on Ice - ANAHEIM OUTLAWS

Lines # - Real PCT - Wanted PCT - Time Play
Normal Forward
1 - 35% - 36% - 18:05
2 - 29% - 31% - 15:11
3 - 24% - 23% - 12:15
4 - 12% - 10% - 6:06
Normal Defense
1 - 35% - 36% - 18:01
2 - 32% - 31% - 16:34
3 - 29% - 23% - 14:44
4 - 4% - 10% - 2:18
PP Forward
1 - 38% - 55% - 0:45
2 - 62% - 45% - 1:14
PP Defense
1 - 38% - 55% - 0:45
2 - 62% - 45% - 1:14
PK Forward
1 - 57% - 55% - 3:22
2 - 43% - 45% - 2:35
PK Defense
1 - 50% - 55% - 3:00
2 - 50% - 45% - 2:57
PK3 Forward
1 - 0% - 55%
2 - 0% - 45%
PK3 Defense
1 - 0% - 55%
2 - 0% - 45%
44 Forward
1 - 0% - 55%
2 - 0% - 45%
44 Defense
1 - 0% - 55%
2 - 0% - 45%
Last Minute Offensive  - 0:27
Last Minute Defensive  - 0:00
Total
Forward - 60:00
Defense - 60:00

Play-by-Play

1st period


0:01 of 1st period - Matt Duchene wins face-off versus Sean Couturier in neutral zone.
1:03 of 1st period - Shot by Jake DeBrusk.
1:03 of 1st period - Stopped by Mikhail Berdin without a rebound.
1:04 of 1st period - Jordan Staal wins face-off versus Tyler Ennis in KANSAS CITY KILLERBEES zone.
1:36 of 1st period - Rocco Grimaldi is hit by Justin Holl and loses puck.
1:52 of 1st period - Zach Parise is hit by Justin Faulk.
2:09 of 1st period - Minor Penalty to Noah Hanifin for Tripping.
2:10 of 1st period - Sean Couturier wins face-off versus Adrian Kempe in ANAHEIM OUTLAWS zone.
3:35 of 1st period - Shot by Zach Hyman.
3:35 of 1st period - Shot Misses the Net.
3:45 of 1st period - Shot by Zach Hyman.
3:45 of 1st period - Stopped by Mackenzie Blackwood without a rebound.
3:46 of 1st period - Jordan Staal wins face-off versus Trevor Moore in ANAHEIM OUTLAWS zone.
4:21 of 1st period - Minor Penalty to Jakub Zboril for Slashing.
4:22 of 1st period - Matt Duchene wins face-off versus Trevor Moore in KANSAS CITY KILLERBEES zone.
4:33 of 1st period - Shot by Noah Hanifin.
4:33 of 1st period - Stopped by Mikhail Berdin without a rebound.
4:34 of 1st period - Jordan Staal wins face-off versus Sean Couturier in KANSAS CITY KILLERBEES zone.
5:06 of 1st period - Shot by Jordan Staal.
5:06 of 1st period - Deflect By Kasperi Kapanen.
5:06 of 1st period - Shot Misses the Net.
5:08 of 1st period - Shot by Jake Gardiner.
5:08 of 1st period - Shot Blocked by Justin Holl.
5:14 of 1st period - Shot by Adrian Kempe.
5:14 of 1st period - Stopped by Mikhail Berdin with a rebound.
5:29 of 1st period - Off-side.
5:30 of 1st period - Matt Duchene wins face-off versus Sean Couturier in neutral zone.
5:35 of 1st period - Shot by Jake DeBrusk.
5:35 of 1st period - Shot Misses the Net.
5:42 of 1st period - Icing by Justin Faulk.
5:43 of 1st period - Matt Duchene wins face-off versus Trevor Moore in ANAHEIM OUTLAWS zone.
6:31 of 1st period - Shot by Zach Hyman.
6:31 of 1st period - Shot Misses the Net.
6:45 of 1st period - Shot by Zach Parise.
6:45 of 1st period - Shot Blocked by Jordan Staal.
6:47 of 1st period - Shot by Zach Hyman.
6:47 of 1st period - Shot Misses the Net.
6:49 of 1st period - Shot by Zach Hyman.
6:49 of 1st period - Stopped by Mackenzie Blackwood without a rebound.
6:50 of 1st period - Sean Couturier wins face-off versus Matt Duchene in ANAHEIM OUTLAWS zone.
7:15 of 1st period - Shot by Adrian Kempe.
7:15 of 1st period - Deflect By Matt Duchene.
7:15 of 1st period - Shot Misses the Net.
7:17 of 1st period - Shot by Matt Duchene.
7:17 of 1st period - Shot Misses the Net.
7:19 of 1st period - Shot by Jake Gardiner.
7:19 of 1st period - Shot Misses the Net.
7:24 of 1st period - Kasperi Kapanen is hit by Adam Larsson and loses puck.
7:32 of 1st period - Icing by Cam Fowler.
7:33 of 1st period - Nick Schmaltz wins face-off versus Alexander Nylander in KANSAS CITY KILLERBEES zone.
7:33 of 1st period - Minor Penalty to Matt Martin for Hooking.
7:34 of 1st period - Trevor Moore wins face-off versus Adrian Kempe in ANAHEIM OUTLAWS zone.
9:37 of 1st period - Shot by Tyler Ennis.
9:37 of 1st period - Shot Misses the Net.
9:39 of 1st period - Shot by Cam Fowler.
9:39 of 1st period - Stopped by Mackenzie Blackwood with a rebound.
9:41 of 1st period - Shot by Adam Larsson.
9:41 of 1st period - Stopped by Mackenzie Blackwood without a rebound.
9:42 of 1st period - Riley Sheahan wins face-off versus Matt Martin in ANAHEIM OUTLAWS zone.
13:03 of 1st period - Shot by Jake DeBrusk.
13:03 of 1st period - Shot Blocked by Cam Fowler.
13:45 of 1st period - Shot by Jake Gardiner.
13:45 of 1st period - Shot Misses the Net.
14:04 of 1st period - Icing by Sean Couturier.
14:05 of 1st period - Matt Duchene wins face-off versus Sean Couturier in KANSAS CITY KILLERBEES zone.
14:06 of 1st period - Shot by Adrian Kempe.
14:06 of 1st period - Shot Misses the Net.
14:19 of 1st period - Shot by Kasperi Kapanen.
14:19 of 1st period - Shot Misses the Net.
14:21 of 1st period - Shot by Matt Duchene.
14:21 of 1st period - Stopped by Mikhail Berdin with a rebound.
14:37 of 1st period - Shot by Adrian Kempe.
14:37 of 1st period - Deflect By Matt Duchene.
14:37 of 1st period - Stopped by Mikhail Berdin with a rebound.
14:39 of 1st period - Shot by Kasperi Kapanen.
14:39 of 1st period - Shot Misses the Net.
15:29 of 1st period - Icing by Sean Couturier.
15:30 of 1st period - Matt Martin wins face-off versus Sean Couturier in KANSAS CITY KILLERBEES zone.
15:39 of 1st period - Shot by Alexander Nylander.
15:39 of 1st period - Stopped by Mikhail Berdin without a rebound.
15:40 of 1st period - Kasperi Kapanen wins face-off versus Trevor Moore in KANSAS CITY KILLERBEES zone.
15:43 of 1st period - Shot by Matt Duchene.
15:43 of 1st period - Shot Misses the Net.
15:45 of 1st period - Shot by Matt Duchene.
15:45 of 1st period - Shot Misses the Net.
15:47 of 1st period - Shot by Matt Duchene.
15:47 of 1st period - Shot Misses the Net.
15:49 of 1st period - Shot by Matt Duchene.
15:49 of 1st period - Deflect By Adrian Kempe.
15:49 of 1st period - Shot Misses the Net.
16:09 of 1st period - Shot by Matt Duchene.
16:09 of 1st period - Shot Misses the Net.
16:17 of 1st period - Shot by Adrian Kempe.
16:17 of 1st period - Shot Misses the Net.
16:19 of 1st period - Shot by Adrian Kempe.
16:19 of 1st period - Stopped by Mikhail Berdin with a rebound.
16:55 of 1st period - Shot by Tyler Ennis.
16:55 of 1st period - Shot Blocked by Noah Hanifin.
17:23 of 1st period - Shot by Sean Couturier.
17:23 of 1st period - Stopped by Mackenzie Blackwood without a rebound.
17:24 of 1st period - Jordan Staal wins face-off versus Zach Parise in ANAHEIM OUTLAWS zone.
17:37 of 1st period - Shot by Nicolas Aube-Kubel.
17:37 of 1st period - Shot Blocked by Adam Larsson.
17:39 of 1st period - Shot by Morgan Rielly.
17:39 of 1st period - Shot Blocked by Adam Larsson.
17:41 of 1st period - Shot by Jordan Staal.
17:41 of 1st period - Shot Blocked by Adam Larsson.
17:43 of 1st period - Shot by Jordan Staal.
17:43 of 1st period - Shot Misses the Net.
17:45 of 1st period - Shot by Morgan Rielly.
17:45 of 1st period - Stopped by Mikhail Berdin without a rebound.
17:46 of 1st period - Matt Duchene wins face-off versus Nicholas Ritchie in KANSAS CITY KILLERBEES zone.
18:07 of 1st period - Icing by Justin Holl.
18:08 of 1st period - Jordan Staal wins face-off versus Trevor Moore in KANSAS CITY KILLERBEES zone.
19:04 of 1st period - Shot by Sean Couturier.
19:04 of 1st period - Goal by Sean Couturier - KANSAS CITY KILLERBEES : 1 - ANAHEIM OUTLAWS : 0.
19:05 of 1st period - Tyler Ennis wins face-off versus Kasperi Kapanen in neutral zone.
19:10 of 1st period - Shot by Zach Parise.
19:10 of 1st period - Deflect By Zach Hyman.
19:10 of 1st period - Stopped by Mackenzie Blackwood without a rebound.
19:11 of 1st period - Matt Duchene wins face-off versus Tyler Ennis in ANAHEIM OUTLAWS zone.
19:11 of 1st period - Adrian Kempe is hit by Zach Hyman and loses puck.
19:17 of 1st period - Noah Hanifin is hit by Zach Parise and loses puck.
19:29 of 1st period - Shot by Zach Parise.
19:29 of 1st period - Shot Misses the Net.
Goals for this period are 1 for KANSAS CITY KILLERBEES vs 0 for ANAHEIM OUTLAWS.
Shots for this period are 7 for KANSAS CITY KILLERBEES vs 8 for ANAHEIM OUTLAWS.

2nd period


0:01 of 2nd period - Riley Sheahan wins face-off versus Matt Martin in neutral zone.
0:16 of 2nd period - Shot by Alexander Nylander.
0:16 of 2nd period - Stopped by Mikhail Berdin without a rebound.
0:17 of 2nd period - Sean Couturier wins face-off versus Matt Duchene in KANSAS CITY KILLERBEES zone.
0:45 of 2nd period - Shot by Sean Couturier.
0:45 of 2nd period - Stopped by Mackenzie Blackwood without a rebound.
0:46 of 2nd period - Riley Sheahan wins face-off versus Matt Martin in ANAHEIM OUTLAWS zone.
0:55 of 2nd period - Shot by Tyler Ennis.
0:55 of 2nd period - Shot Misses the Net.
0:57 of 2nd period - Shot by Josh Archibald.
0:57 of 2nd period - Stopped by Mackenzie Blackwood without a rebound.
0:58 of 2nd period - Trevor Moore wins face-off versus Sam Bennett in ANAHEIM OUTLAWS zone.
1:06 of 2nd period - Icing by Jake Gardiner.
1:07 of 2nd period - Sam Bennett wins face-off versus Zach Parise in ANAHEIM OUTLAWS zone.
1:07 of 2nd period - Sam Bennett is hit by Tyler Ennis.
1:50 of 2nd period - Icing by Cam Fowler.
1:51 of 2nd period - Matt Martin wins face-off versus Tyler Ennis in KANSAS CITY KILLERBEES zone.
1:57 of 2nd period - Off-side.
1:58 of 2nd period - Matt Duchene wins face-off versus Mark Stone in neutral zone.
2:37 of 2nd period - Shot by Matt Duchene.
2:37 of 2nd period - Stopped by Mikhail Berdin with a rebound.
2:51 of 2nd period - Morgan Rielly is hit by Sean Couturier and loses puck.
2:57 of 2nd period - Off-side.
2:58 of 2nd period - Riley Sheahan wins face-off versus Matt Martin in neutral zone.
3:19 of 2nd period - Shot by Tyler Ennis.
3:19 of 2nd period - Shot Misses the Net.
3:22 of 2nd period - Icing by Justin Faulk.
3:23 of 2nd period - Matt Martin wins face-off versus Trevor Moore in ANAHEIM OUTLAWS zone.
4:20 of 2nd period - Shot by Zach Hyman.
4:20 of 2nd period - Stopped by Mackenzie Blackwood without a rebound.
4:21 of 2nd period - Matt Duchene wins face-off versus Riley Sheahan in ANAHEIM OUTLAWS zone.
5:25 of 2nd period - Icing by Justin Faulk.
5:26 of 2nd period - Sean Couturier wins face-off versus Pierre Engvall in ANAHEIM OUTLAWS zone.
5:30 of 2nd period - Mark Stone is hit by Noah Hanifin and loses puck.
5:39 of 2nd period - Shot by Michael Grabner.
5:39 of 2nd period - Shot Misses the Net.
6:54 of 2nd period - Shot by Trevor Moore.
6:54 of 2nd period - Shot Misses the Net.
7:09 of 2nd period - Zach Parise is hit by Jake Gardiner and loses puck.
8:23 of 2nd period - Shot by Mark Stone.
8:23 of 2nd period - Stopped by Mackenzie Blackwood with a rebound.
9:25 of 2nd period - Shot by Jordan Staal.
9:25 of 2nd period - Shot Misses the Net.
9:35 of 2nd period - Shot by Zach Hyman.
9:35 of 2nd period - Stopped by Mackenzie Blackwood without a rebound.
9:36 of 2nd period - Sean Couturier wins face-off versus Sam Bennett in ANAHEIM OUTLAWS zone.
9:37 of 2nd period - Shot by Mark Stone.
9:37 of 2nd period - Shot Misses the Net.
9:40 of 2nd period - Icing by Noah Hanifin.
9:41 of 2nd period - Sam Bennett wins face-off versus Nick Schmaltz in ANAHEIM OUTLAWS zone.
9:45 of 2nd period - Noah Hanifin is hit by Mark Stone and loses puck.
10:04 of 2nd period - Shot by Sean Couturier.
10:04 of 2nd period - Shot Blocked by Noah Hanifin.
11:27 of 2nd period - Shot by Ryan Dzingel.
11:27 of 2nd period - Shot Misses the Net.
11:29 of 2nd period - Shot by Trevor Moore.
11:29 of 2nd period - Deflect By Nicholas Ritchie.
11:29 of 2nd period - Stopped by Mackenzie Blackwood without a rebound.
11:30 of 2nd period - Jordan Staal wins face-off versus Trevor Moore in ANAHEIM OUTLAWS zone.
11:37 of 2nd period - Shot by Rocco Grimaldi.
11:37 of 2nd period - Stopped by Mikhail Berdin without a rebound.
11:38 of 2nd period - Jordan Staal wins face-off versus Sean Couturier in KANSAS CITY KILLERBEES zone.
12:11 of 2nd period - Shot by Rocco Grimaldi.
12:11 of 2nd period - Stopped by Mikhail Berdin with a rebound.
12:13 of 2nd period - Shot by Nicolas Aube-Kubel.
12:13 of 2nd period - Stopped by Mikhail Berdin without a rebound.
12:14 of 2nd period - Matt Martin wins face-off versus Tyler Ennis in KANSAS CITY KILLERBEES zone.
12:48 of 2nd period - Jake DeBrusk is hit by Tyler Ennis and loses puck.
13:27 of 2nd period - Shot by Matt Duchene.
13:27 of 2nd period - Stopped by Mikhail Berdin without a rebound.
13:28 of 2nd period - Jordan Staal wins face-off versus Sean Couturier in KANSAS CITY KILLERBEES zone.
13:29 of 2nd period - Shot by Jake Gardiner.
13:29 of 2nd period - Stopped by Mikhail Berdin with a rebound.
13:42 of 2nd period - Shot by Jordan Staal.
13:42 of 2nd period - Stopped by Mikhail Berdin with a rebound.
15:27 of 2nd period - Adrian Kempe is hit by Tyler Ennis and loses puck.
16:00 of 2nd period - Icing by Adam Larsson.
16:01 of 2nd period - Matt Martin wins face-off versus Riley Sheahan in KANSAS CITY KILLERBEES zone.
16:09 of 2nd period - Alexander Nylander is hit by Cam Fowler and loses puck.
16:50 of 2nd period - Shot by Sean Couturier.
16:50 of 2nd period - Stopped by Mackenzie Blackwood with a rebound.
17:05 of 2nd period - Shot by Mark Stone.
17:05 of 2nd period - Stopped by Mackenzie Blackwood without a rebound.
17:06 of 2nd period - Jordan Staal wins face-off versus Trevor Moore in ANAHEIM OUTLAWS zone.
17:06 of 2nd period - Rocco Grimaldi is hit by Nicholas Ritchie and loses puck.
17:24 of 2nd period - Jordan Staal is hit by Justin Holl and loses puck.
18:07 of 2nd period - Shot by Sean Couturier.
18:07 of 2nd period - Stopped by Mackenzie Blackwood without a rebound.
18:08 of 2nd period - Sam Bennett wins face-off versus Sean Couturier in ANAHEIM OUTLAWS zone.
18:08 of 2nd period - Sam Bennett is hit by Sean Couturier.
18:11 of 2nd period - Icing by Noah Hanifin.
18:12 of 2nd period - Sam Bennett wins face-off versus Tyler Ennis in ANAHEIM OUTLAWS zone.
18:23 of 2nd period - Shot by Michael Grabner.
18:23 of 2nd period - Stopped by Mikhail Berdin without a rebound.
18:24 of 2nd period - Matt Duchene wins face-off versus Sean Couturier in KANSAS CITY KILLERBEES zone.
18:36 of 2nd period - Shot by Adrian Kempe.
18:36 of 2nd period - Stopped by Mikhail Berdin with a rebound.
18:46 of 2nd period - Shot by Adrian Kempe.
18:46 of 2nd period - Shot Misses the Net.
18:48 of 2nd period - Shot by Morgan Rielly.
18:48 of 2nd period - Stopped by Mikhail Berdin with a rebound.
19:34 of 2nd period - Shot by Zach Hyman.
19:34 of 2nd period - Stopped by Mackenzie Blackwood without a rebound.
19:35 of 2nd period - Jordan Staal wins face-off versus Trevor Moore in ANAHEIM OUTLAWS zone.
19:35 of 2nd period - Jordan Staal is hit by Nicholas Ritchie.
19:38 of 2nd period - Icing by Nicolas Aube-Kubel.
19:39 of 2nd period - Tyler Ennis wins face-off versus Jordan Staal in ANAHEIM OUTLAWS zone.
19:52 of 2nd period - Shot by Zach Hyman.
19:52 of 2nd period - Shot Misses the Net.
19:54 of 2nd period - Shot by Cam Fowler.
19:54 of 2nd period - Shot Misses the Net.
Goals for this period are 0 for KANSAS CITY KILLERBEES vs 0 for ANAHEIM OUTLAWS.
Shots for this period are 10 for KANSAS CITY KILLERBEES vs 11 for ANAHEIM OUTLAWS.

3rd period


0:01 of 3rd period - Tyler Ennis wins face-off versus Matt Duchene in neutral zone.
0:04 of 3rd period - Shot by Zach Parise.
0:04 of 3rd period - Stopped by Mackenzie Blackwood without a rebound.
0:05 of 3rd period - Tyler Ennis wins face-off versus Matt Duchene in ANAHEIM OUTLAWS zone.
0:35 of 3rd period - Shot by Zach Hyman.
0:35 of 3rd period - Shot Misses the Net.
0:47 of 3rd period - Shot by Tyler Ennis.
0:47 of 3rd period - Stopped by Mackenzie Blackwood without a rebound.
0:48 of 3rd period - Sean Couturier wins face-off versus Matt Martin in ANAHEIM OUTLAWS zone.
1:20 of 3rd period - Shot by Jake DeBrusk.
1:20 of 3rd period - Shot Misses the Net.
1:28 of 3rd period - Shot by Jake DeBrusk.
1:28 of 3rd period - Shot Misses the Net.
1:41 of 3rd period - Icing by Mike Reilly.
1:42 of 3rd period - Matt Duchene wins face-off versus Sean Couturier in KANSAS CITY KILLERBEES zone.
1:45 of 3rd period - Shot by Matt Duchene.
1:45 of 3rd period - Shot Misses the Net.
1:47 of 3rd period - Shot by Adrian Kempe.
1:47 of 3rd period - Stopped by Mikhail Berdin without a rebound.
1:48 of 3rd period - Matt Duchene wins face-off versus Tyler Ennis in KANSAS CITY KILLERBEES zone.
1:49 of 3rd period - Shot by Adrian Kempe.
1:49 of 3rd period - Shot Misses the Net.
1:51 of 3rd period - Shot by Matt Duchene.
1:51 of 3rd period - Stopped by Mikhail Berdin without a rebound.
1:52 of 3rd period - Matt Duchene wins face-off versus Tyler Ennis in KANSAS CITY KILLERBEES zone.
1:53 of 3rd period - Shot by Kasperi Kapanen.
1:53 of 3rd period - Stopped by Mikhail Berdin without a rebound.
1:54 of 3rd period - Matt Duchene wins face-off versus Riley Sheahan in KANSAS CITY KILLERBEES zone.
2:11 of 3rd period - Shot by Adrian Kempe.
2:11 of 3rd period - Deflect By Kasperi Kapanen.
2:11 of 3rd period - Stopped by Mikhail Berdin without a rebound.
2:12 of 3rd period - Sean Couturier wins face-off versus Jake DeBrusk in KANSAS CITY KILLERBEES zone.
3:09 of 3rd period - Noah Hanifin is hit by Adam Larsson and loses puck.
3:20 of 3rd period - Shot by Cam Fowler.
3:20 of 3rd period - Stopped by Mackenzie Blackwood without a rebound.
3:21 of 3rd period - Matt Duchene wins face-off versus Nicholas Ritchie in ANAHEIM OUTLAWS zone.
3:21 of 3rd period - Matt Duchene is hit by Nicholas Ritchie.
3:49 of 3rd period - Shot by Nicholas Ritchie.
3:49 of 3rd period - Stopped by Mackenzie Blackwood with a rebound.
4:32 of 3rd period - Shot by Jordan Staal.
4:32 of 3rd period - Stopped by Mikhail Berdin without a rebound.
4:33 of 3rd period - Sam Bennett wins face-off versus Tyler Ennis in KANSAS CITY KILLERBEES zone.
4:36 of 3rd period - Shot by Sam Bennett.
4:36 of 3rd period - Shot Misses the Net.
5:15 of 3rd period - Shot by Zach Parise.
5:15 of 3rd period - Stopped by Mackenzie Blackwood without a rebound.
5:16 of 3rd period - Sean Couturier wins face-off versus Jordan Staal in ANAHEIM OUTLAWS zone.
5:37 of 3rd period - Shot by Jordan Staal.
5:37 of 3rd period - Stopped by Mikhail Berdin without a rebound.
5:38 of 3rd period - Riley Sheahan wins face-off versus Matt Duchene in KANSAS CITY KILLERBEES zone.
5:38 of 3rd period - Riley Sheahan is hit by Adrian Kempe.
5:52 of 3rd period - Shot by Matt Duchene.
5:52 of 3rd period - Deflect By Adrian Kempe.
5:52 of 3rd period - Shot Misses the Net.
5:54 of 3rd period - Shot by Matt Duchene.
5:54 of 3rd period - Shot Misses the Net.
6:00 of 3rd period - Shot by Kasperi Kapanen.
6:00 of 3rd period - Shot Misses the Net.
6:02 of 3rd period - Shot by Kasperi Kapanen.
6:02 of 3rd period - Deflect By Matt Duchene.
6:02 of 3rd period - Stopped by Mikhail Berdin without a rebound.
6:03 of 3rd period - Matt Martin wins face-off versus Nick Schmaltz in KANSAS CITY KILLERBEES zone.
6:30 of 3rd period - Shot by Sean Couturier.
6:30 of 3rd period - Shot Misses the Net.
6:41 of 3rd period - Shot by Mark Stone.
6:41 of 3rd period - Shot Misses the Net.
6:43 of 3rd period - Shot by Sean Couturier.
6:43 of 3rd period - Shot Misses the Net.
6:45 of 3rd period - Shot by Sean Couturier.
6:45 of 3rd period - Stopped by Mackenzie Blackwood without a rebound.
6:46 of 3rd period - Matt Duchene wins face-off versus Trevor Moore in ANAHEIM OUTLAWS zone.
6:52 of 3rd period - Minor Penalty to Adrian Kempe for Interference.
6:53 of 3rd period - Sam Bennett wins face-off versus Trevor Moore in ANAHEIM OUTLAWS zone.
7:54 of 3rd period - Shot by Nick Schmaltz.
7:54 of 3rd period - Stopped by Mackenzie Blackwood without a rebound.
7:55 of 3rd period - Jordan Staal wins face-off versus Mark Stone in ANAHEIM OUTLAWS zone.
9:02 of 3rd period - Shot by Jake DeBrusk.
9:02 of 3rd period - Shot Blocked by Adam Larsson.
9:05 of 3rd period - Icing by Adam Larsson.
9:06 of 3rd period - Jordan Staal wins face-off versus Riley Sheahan in KANSAS CITY KILLERBEES zone.
9:42 of 3rd period - Icing by Adam Larsson.
9:43 of 3rd period - Matt Duchene wins face-off versus Riley Sheahan in KANSAS CITY KILLERBEES zone.
9:47 of 3rd period - Icing by Adam Larsson.
9:48 of 3rd period - Riley Sheahan wins face-off versus Matt Duchene in KANSAS CITY KILLERBEES zone.
9:57 of 3rd period - Icing by Matt Duchene.
9:58 of 3rd period - Sean Couturier wins face-off versus Matt Duchene in ANAHEIM OUTLAWS zone.
10:54 of 3rd period - Trevor Moore is hit by Adrian Kempe.
11:09 of 3rd period - Icing by Nicholas Ritchie.
11:10 of 3rd period - Matt Martin wins face-off versus Trevor Moore in KANSAS CITY KILLERBEES zone.
11:10 of 3rd period - Matt Martin is hit by Jakub Zboril.
11:26 of 3rd period - Alexander Nylander is hit by Trevor Moore and loses puck.
11:32 of 3rd period - Noah Hanifin is hit by Colin Miller and loses puck.
11:52 of 3rd period - Jake DeBrusk is hit by Colin Miller and loses puck.
12:07 of 3rd period - Shot by Jordan Staal.
12:07 of 3rd period - Stopped by Mikhail Berdin without a rebound.
12:08 of 3rd period - Tyler Ennis wins face-off versus Sam Bennett in KANSAS CITY KILLERBEES zone.
12:28 of 3rd period - Off-side.
12:29 of 3rd period - Sean Couturier wins face-off versus Jordan Staal in neutral zone.
12:43 of 3rd period - Icing by Jordan Staal.
12:44 of 3rd period - Jordan Staal wins face-off versus Tyler Ennis in ANAHEIM OUTLAWS zone.
12:58 of 3rd period - Shot by Jordan Staal.
12:58 of 3rd period - Stopped by Mikhail Berdin without a rebound.
12:59 of 3rd period - Matt Duchene wins face-off versus Sean Couturier in KANSAS CITY KILLERBEES zone.
13:17 of 3rd period - Shot by Matt Duchene.
13:17 of 3rd period - Deflect By Adrian Kempe.
13:17 of 3rd period - Shot Misses the Net.
13:39 of 3rd period - Shot by Adrian Kempe.
13:39 of 3rd period - Stopped by Mikhail Berdin with a rebound.
14:21 of 3rd period - Shot by Jake DeBrusk.
14:21 of 3rd period - Deflect By Alexander Nylander.
14:21 of 3rd period - Stopped by Mikhail Berdin without a rebound.
14:22 of 3rd period - Nicolas Aube-Kubel wins face-off versus Trevor Moore in KANSAS CITY KILLERBEES zone.
14:23 of 3rd period - Shot by Jordan Staal.
14:23 of 3rd period - Stopped by Mikhail Berdin without a rebound.
14:24 of 3rd period - Jordan Staal wins face-off versus Trevor Moore in KANSAS CITY KILLERBEES zone.
16:22 of 3rd period - Shot by Alexander Nylander.
16:22 of 3rd period - Stopped by Mikhail Berdin without a rebound.
16:23 of 3rd period - Sam Bennett wins face-off versus Sean Couturier in KANSAS CITY KILLERBEES zone.
16:35 of 3rd period - Mark Stone is hit by Noah Hanifin and loses puck.
16:54 of 3rd period - Noah Hanifin is hit by Mark Stone and loses puck.
17:18 of 3rd period - Icing by Sean Couturier.
17:19 of 3rd period - Sean Couturier wins face-off versus Matt Duchene in KANSAS CITY KILLERBEES zone.
17:44 of 3rd period - Matt Duchene is hit by Cam Fowler and loses puck.
18:18 of 3rd period - Jake DeBrusk is hit by Adam Larsson and loses puck.
19:00 of 3rd period - ANAHEIM OUTLAWS, Mackenzie Blackwood is pulled from the net.
19:07 of 3rd period - Rocco Grimaldi is hit by Adam Larsson and loses puck.
Goals for this period are 0 for KANSAS CITY KILLERBEES vs 0 for ANAHEIM OUTLAWS.
Shots for this period are 7 for KANSAS CITY KILLERBEES vs 13 for ANAHEIM OUTLAWS.


SEBASTIAN
AHO
MARK
SCHEIFELE
JAKE
OETTINGER

EAST COAST

HOCKEY LEAGUE

  • 17.QUE3CHI2
  • 18.CHA2LIM4
  • 19.TRV3LON2
  • 20.CHW1BAL2
  • 21.PITMAN
  • 22.ATLNHW
  • 23.WORPET
  • 24.RHI